TOP OF THE 1ST |
Dunedin Blue Jays batting - Pitching for Modesto Nuts : LHP Rafael Lozano
|
Pitching: LHP Rafael Lozano
|
|
Batting: RHB Justin Geiger
|
0-0: Ball 1-0: Ball 2-0: Ball 3-0: Called Strike 3-1: Base on Balls
|
Batting: LHB Roger Escareno
|
0-0: Called Strike Justin Geiger steals 2nd, throwing error, E2 Justin Geiger to third 0-1: Ball 1-1: Fly out, F7 (Flyball, 7S, EV 97.5 MPH)
|
Batting: RHB Bill Murray
|
0-0: Called Strike 0-1: Swinging Strike 0-2: Ball 1-2: Ball 2-2: Ground out 4-3 (Groundball, 34, EV 94.4 MPH) Justin Geiger scores
|
Batting: LHB Devin Huber
|
0-0: Foul Ball, location: 2F 0-1: Ball 1-1: Hit by Pitch
|
Batting: RHB Taylor Peavey
|
0-0: Called Strike Devin Huber is caught stealing 2nd base 2-4
|
Top of the 1st over - 1 run, 0 hits, 1 error, 0 left on base; Dunedin 1 - Modesto 0 |
BOTTOM OF THE 1ST |
Modesto Nuts batting - Pitching for Dunedin Blue Jays : RHP David Tooley
|
Pitching: RHP David Tooley
|
|
Batting: RHB Mike McElroy
|
0-0: Foul Ball, location: 2F 0-1: Called Strike 0-2: Ball 1-2: Strikes out looking
|
Batting: LHB Nick Martin
|
0-0: Ball 1-0: Ball 2-0: Fly out, F8 (Flyball, 89XD, EV 97.5 MPH)
|
Batting: LHB Nick Rooney
|
0-0: Foul Ball, location: 2F 0-1: Foul Ball, location: 2F 0-2: Ball 1-2: Ball 2-2: Foul Ball, location: 2F 2-2: Ball 3-2: Strikes out swinging
|
Bottom of the 1st over - 0 runs, 0 hits, 0 errors, 0 left on base; Dunedin 1 - Modesto 0 |
TOP OF THE 2ND |
Dunedin Blue Jays batting - Pitching for Modesto Nuts : LHP Rafael Lozano
|
Batting: RHB Taylor Peavey
|
0-0: Ball 1-0: Ball 2-0: Ball 3-0: Base on Balls
|
Batting: RHB Bobby Lasaguna
|
0-0: Grounds into double play, 5-4-3 (Groundball, 56, EV 81.9 MPH)
|
Batting: RHB Tokuji Kawabata
|
0-0: Called Strike 0-1: Ball 1-1: Foul Ball, location: 2F 1-2: SINGLE (Groundball, 56S, EV 73.1 MPH) (infield hit)
|
Batting: RHB Luis Reyes
|
0-0: Ball Passed Ball! Tokuji Kawabata to second 1-0: Ball 2-0: Foul Ball, location: 2F 2-1: Ball Passed Ball! Tokuji Kawabata to third 3-1: Called Strike 3-2: Strikes out swinging
|
Top of the 2nd over - 0 runs, 1 hit, 0 errors, 1 left on base; Dunedin 1 - Modesto 0 |
BOTTOM OF THE 2ND |
Modesto Nuts batting - Pitching for Dunedin Blue Jays : RHP David Tooley
|
Batting: RHB Brent Montagano
|
0-0: Called Strike 0-1: Ball 1-1: Called Strike 1-2: Ground out 6-3 (Groundball, 56D, EV 88.1 MPH)
|
Batting: RHB Seisaburo Edagawa
|
0-0: Called Strike 0-1: Ball 1-1: Ground out 5-3 (Groundball, 15, EV 84.4 MPH)
|
Batting: LHB Mick Tucker
|
0-0: Called Strike 0-1: Foul Ball, location: 2F 0-2: Ball 1-2: Ball 2-2: Strikes out looking
|
Bottom of the 2nd over - 0 runs, 0 hits, 0 errors, 0 left on base; Dunedin 1 - Modesto 0 |
TOP OF THE 3RD |
Dunedin Blue Jays batting - Pitching for Modesto Nuts : LHP Rafael Lozano
|
Batting: SHB Dominik Hasek II
|
0-0: Called Strike 0-1: Foul Ball, location: 2F 0-2: Ball 1-2: Strikes out swinging
|
Batting: RHB Justin Geiger
|
0-0: Ball 1-0: Foul Ball, location: 2F 1-1: Ball 2-1: Called Strike 2-2: Ball 3-2: Base on Balls
|
Batting: LHB Roger Escareno
|
0-0: Called Strike Justin Geiger steals 2nd base 0-1: Called Strike 0-2: Strikes out swinging
|
Batting: RHB Bill Murray
|
0-0: Ball Passed Ball! Justin Geiger to third 1-0: Ball 2-0: Ground out 6-3 (Groundball, 6, EV 100.6 MPH)
|
Top of the 3rd over - 0 runs, 0 hits, 0 errors, 1 left on base; Dunedin 1 - Modesto 0 |
BOTTOM OF THE 3RD |
Modesto Nuts batting - Pitching for Dunedin Blue Jays : RHP David Tooley
|
Batting: RHB Maurice Moore
|
0-0: Ball 1-0: Swinging Strike 1-1: Called Strike 1-2: Strikes out swinging
|
Batting: SHB Craig Ruzic
|
0-0: Ball 1-0: Ground out 2-3 (Groundball, 2L, EV 68.1 MPH)
|
Batting: RHB Bob Hayes
|
0-0: Ball 1-0: Ball 2-0: Called Strike 2-1: Swinging Strike 2-2: Ball 3-2: Ground out U3 (Groundball, 34S, EV 81.2 MPH)
|
Bottom of the 3rd over - 0 runs, 0 hits, 0 errors, 0 left on base; Dunedin 1 - Modesto 0 |
TOP OF THE 4TH |
Dunedin Blue Jays batting - Pitching for Modesto Nuts : LHP Rafael Lozano
|
Batting: LHB Devin Huber
|
0-0: Ball 1-0: Ball 2-0: Ground out U3 (Groundball, 34, EV 90.6 MPH)
|
Batting: RHB Taylor Peavey
|
0-0: Ball 1-0: Ball 2-0: Called Strike 2-1: Foul Ball, location: 2F 2-2: Ball 3-2: Base on Balls
|
Batting: RHB Bobby Lasaguna
|
0-0: Foul Ball, location: 2F 0-1: Ball 1-1: Ball 2-1: Ball 3-1: Foul Ball, location: 2F 3-2: Base on Balls Taylor Peavey to second
|
Batting: RHB Tokuji Kawabata
|
0-0: Called Strike 0-1: Ball Passed Ball! Taylor Peavey to third Bobby Lasaguna to second 1-1: Foul Ball, location: 2F 1-2: Ball 2-2: Strikes out looking
|
Batting: RHB Luis Reyes
|
0-0: Foul Ball, location: 2F 0-1: Ball 1-1: 3-RUN HOME RUN (Line Drive, 7D, EV 102.5 MPH), Distance : 375 ft
|
Batting: SHB Dominik Hasek II
|
0-0: Called Strike 0-1: Called Strike 0-2: Foul Ball, location: 2F 0-2: Strikes out looking
|
Top of the 4th over - 3 runs, 1 hit, 0 errors, 0 left on base; Dunedin 4 - Modesto 0 |
BOTTOM OF THE 4TH |
Modesto Nuts batting - Pitching for Dunedin Blue Jays : RHP David Tooley
|
Batting: RHB Mike McElroy
|
0-0: Ball 1-0: Ball 2-0: Called Strike 2-1: DOUBLE (Groundball, 5L, EV 93.8 MPH)
|
Batting: LHB Nick Martin
|
0-0: Ball 1-0: Foul Ball, location: 2F 1-1: Ball 2-1: Foul Ball, location: 2F 2-2: SINGLE (Line Drive, 6M, EV 95.0 MPH) Mike McElroy to third
|
Batting: LHB Nick Rooney
|
0-0: Called Strike 0-1: Called Strike 0-2: Strikes out swinging
|
Batting: RHB Brent Montagano
|
0-0: Called Strike Pickoff Throw by Catcher to First - Out! 0-1: Ball 1-1: Swinging Strike 1-2: Strikes out swinging
|
Bottom of the 4th over - 0 runs, 2 hits, 0 errors, 1 left on base; Dunedin 4 - Modesto 0 |
TOP OF THE 5TH |
Dunedin Blue Jays batting - Pitching for Modesto Nuts : LHP Rafael Lozano
|
Batting: RHB Justin Geiger
|
0-0: SOLO HOME RUN (Flyball, 7D, EV 96.2 MPH), Distance : 365 ft
|
Pitching: RHP Manny Lebron
|
|
Batting: LHB Roger Escareno
|
0-0: Ball 1-0: Ball 2-0: Ball 3-0: Base on Balls
|
Batting: RHB Bill Murray
|
0-0: Ball 1-0: Ball Roger Escareno steals 2nd base 2-0: Swinging Strike 2-1: Ball 3-1: Foul Ball, location: 2F 3-2: TRIPLE (Flyball, 9LD, EV 98.1 MPH) Roger Escareno scores
|
Batting: LHB Devin Huber
|
0-0: Ball 1-0: Ball 2-0: Fly out, F7 (Line Drive, 7S, EV 105.6 MPH) Runner from 3rd tags up, OUT at HOME! 7-2
|
Batting: RHB Taylor Peavey
|
0-0: Ball 1-0: Ground out 6-3 (Groundball, 6, EV 93.8 MPH)
|
Top of the 5th over - 2 runs, 2 hits, 0 errors, 0 left on base; Dunedin 6 - Modesto 0 |
BOTTOM OF THE 5TH |
Modesto Nuts batting - Pitching for Dunedin Blue Jays : RHP David Tooley
|
Batting: RHB Seisaburo Edagawa
|
0-0: Fly out, F9 (Line Drive, 9S, EV 88.8 MPH)
|
Batting: LHB Mick Tucker
|
0-0: Swinging Strike 0-1: Ball 1-1: Swinging Strike 1-2: Fly out, F9 (Flyball, 9LS, EV 94.4 MPH)
|
Batting: RHB Maurice Moore
|
0-0: Foul Ball, location: 2F 0-1: Foul Ball, location: 2F 0-2: SINGLE (Groundball, 6MD, EV 96.9 MPH)
|
Batting: SHB Craig Ruzic
|
0-0: Ball 1-0: Ball 2-0: Ball 3-0: Base on Balls Maurice Moore to second
|
Batting: RHB Bob Hayes
|
0-0: Called Strike 0-1: Ball 1-1: Foul Ball, location: 2F 1-2: Foul Ball, location: 2F 1-2: Ball 2-2: SINGLE (Line Drive, 6MD, EV 100.6 MPH) Maurice Moore to third Craig Ruzic to second Runner from 3rd tries for Home, SAFE, throw by CF to home
|
Batting: RHB Mike McElroy
|
0-0: Ball 1-0: Ball 2-0: SINGLE (Line Drive, 6MD, EV 98.1 MPH) Craig Ruzic to third Bob Hayes to second Runner from 3rd tries for Home, SAFE, throw by CF to home
|
Batting: LHB Nick Martin
|
0-0: Called Strike 0-1: Ball Balk! Bob Hayes to third Mike McElroy to second 1-1: Called Strike 1-2: Strikes out swinging
|
Bottom of the 5th over - 2 runs, 3 hits, 0 errors, 2 left on base; Dunedin 6 - Modesto 2 |
TOP OF THE 6TH |
Dunedin Blue Jays batting - Pitching for Modesto Nuts : RHP Manny Lebron
|
Batting: RHB Bobby Lasaguna
|
0-0: Ball 1-0: Ground out 6-3 (Groundball, 56, EV 83.1 MPH)
|
Batting: RHB Tokuji Kawabata
|
0-0: Fly out, F8 (Flyball, 8RD, EV 103.8 MPH)
|
Batting: RHB Luis Reyes
|
0-0: Swinging Strike 0-1: Ball 1-1: Ball 2-1: Called Strike 2-2: Ball 3-2: Strikes out looking
|
Top of the 6th over - 0 runs, 0 hits, 0 errors, 0 left on base; Dunedin 6 - Modesto 2 |
BOTTOM OF THE 6TH |
Modesto Nuts batting - Pitching for Dunedin Blue Jays : RHP David Tooley
|
Batting: LHB Nick Rooney
|
0-0: Ball 1-0: Foul Ball, location: 2F 1-1: Fly out, F9 (Flyball, 89M, EV 86.2 MPH)
|
Batting: RHB Brent Montagano
|
0-0: Called Strike 0-1: DOUBLE (Line Drive, 7LM, EV 106.2 MPH)
|
Batting: RHB Seisaburo Edagawa
|
0-0: Swinging Strike 0-1: Swinging Strike 0-2: Ball 1-2: Ground out 4-3 (Groundball, 4, EV 97.5 MPH) Brent Montagano to third
|
Pitching: RHP Joe Spencer
|
|
Batting: LHB Mick Tucker
|
0-0: Called Strike 0-1: Foul Ball, location: 2F 0-2: Strikes out swinging
|
Bottom of the 6th over - 0 runs, 1 hit, 0 errors, 1 left on base; Dunedin 6 - Modesto 2 |
TOP OF THE 7TH |
Dunedin Blue Jays batting - Pitching for Modesto Nuts : RHP Manny Lebron
|
Pitching: RHP Jalen Young
|
|
Batting: SHB Dominik Hasek II
|
0-0: Ball 1-0: Foul Ball, location: 2F 1-1: Swinging Strike 1-2: DOUBLE (Line Drive, 78D, EV 103.8 MPH)
|
Batting: RHB Justin Geiger
|
0-0: Fly out, F8 (Flyball, 89D, EV 95.0 MPH) Runner from 2nd tags up, SAFE at 3rd, no throw by CF
|
Batting: LHB Roger Escareno
|
0-0: Ball 1-0: TRIPLE (Line Drive, 7LD, EV 113.8 MPH) Dominik Hasek II scores
|
Batting: RHB Bill Murray
|
0-0: Called Strike 0-1: Ball Passed Ball! Roger Escareno scores 1-1: Ball 2-1: Ball 3-1: Base on Balls
|
Batting: LHB Devin Huber
|
0-0: Called Strike 0-1: Ball Bill Murray steals 2nd base 1-1: Fly out, F7 (Flyball, 7LS, EV 92.5 MPH)
|
Batting: RHB Taylor Peavey
|
0-0: SINGLE (Flyball, 89S, EV 88.8 MPH) Bill Murray to third Runner from 3rd tries for Home, SAFE, throw by RF to home
|
Batting: RHB Bobby Lasaguna
|
0-0: Called Strike 0-1: Called Strike 0-2: SINGLE (Groundball, 6MD, EV 105.0 MPH) Taylor Peavey to second
|
Batting: RHB Tokuji Kawabata
|
0-0: Ground out 4-3 (Groundball, 4, EV 83.8 MPH)
|
Top of the 7th over - 3 runs, 4 hits, 0 errors, 2 left on base; Dunedin 9 - Modesto 2 |
BOTTOM OF THE 7TH |
Modesto Nuts batting - Pitching for Dunedin Blue Jays : RHP Joe Spencer
|
Pinch Hitting: RHB Dan Hoffman
|
0-0: Foul Ball, location: 2F 0-1: Foul Ball, location: 2F 0-2: Strikes out swinging wild pitch, reaches first!
|
Batting: SHB Craig Ruzic
|
0-0: Ball 1-0: Called Strike 1-1: Ball 2-1: Foul Ball, location: 2F 2-2: Foul Ball, location: 2F 2-2: Strikes out looking
|
Batting: RHB Bob Hayes
|
0-0: Called Strike 0-1: Ball 1-1: Ball 2-1: Ball 3-1: Swinging Strike 3-2: Base on Balls Dan Hoffman to second
|
Batting: RHB Mike McElroy
|
0-0: Ball 1-0: Ball 2-0: Ball 3-0: Called Strike 3-1: Foul Ball, location: 2F 3-2: Base on Balls Dan Hoffman to third Bob Hayes to second
|
Batting: LHB Nick Martin
|
0-0: Fielders Choice at 2nd, 4-6 (Groundball, 4, EV 86.2 MPH) Dan Hoffman scores Bob Hayes to third
|
Batting: LHB Nick Rooney
|
0-0: Called Strike 0-1: Foul Ball, location: 2F 0-2: Strikes out swinging
|
Bottom of the 7th over - 1 run, 0 hits, 0 errors, 2 left on base; Dunedin 9 - Modesto 3 |
TOP OF THE 8TH |
Dunedin Blue Jays batting - Pitching for Modesto Nuts : RHP Jalen Young
|
Pitching: RHP Jerry Dunne
|
|
Now at 2B: Justin Jackson
|
|
Batting: RHB Luis Reyes
|
0-0: Called Strike 0-1: Ball 1-1: Ball 2-1: Foul Ball, location: 2F 2-2: Ball 3-2: Base on Balls
|
Batting: SHB Dominik Hasek II
|
0-0: Ball 1-0: Swinging Strike 1-1: Fielders Choice at 2nd, 4-6 (Groundball, 34, EV 105.6 MPH)
|
Now at SS: Carlos de Jesus
|
|
Batting: RHB Justin Geiger
|
0-0: Ball Dominik Hasek II steals 2nd base (no throw) 1-0: Ground out 1-3 (Groundball, 23, EV 70.0 MPH) Dominik Hasek II to third
|
Batting: LHB Roger Escareno
|
0-0: Ball 1-0: Called Strike 1-1: Foul Ball, location: 2F 1-2: SINGLE (Line Drive, 56, EV 103.1 MPH) Dominik Hasek II scores
|
Batting: RHB Bill Murray
|
0-0: Ball 1-0: SINGLE (Line Drive, 56D, EV 96.9 MPH) Roger Escareno to second
|
Batting: LHB Devin Huber
|
0-0: Fly out, F7 (Flyball, 7D, EV 78.8 MPH)
|
Top of the 8th over - 1 run, 2 hits, 0 errors, 2 left on base; Dunedin 10 - Modesto 3 |
BOTTOM OF THE 8TH |
Modesto Nuts batting - Pitching for Dunedin Blue Jays : RHP Joe Spencer
|
Batting: RHB Brent Montagano
|
0-0: Ball 1-0: Called Strike 1-1: Foul Ball, location: 2F 1-2: Ground out 4-3 (Groundball, 34D, EV 96.9 MPH)
|
Batting: RHB Seisaburo Edagawa
|
0-0: Called Strike 0-1: Ball 1-1: Swinging Strike 1-2: Ball 2-2: Strikes out looking
|
Batting: LHB Mick Tucker
|
0-0: Ball 1-0: Ball 2-0: Ball 3-0: Base on Balls
|
Pitching: LHP Mike Oakes
|
|
Batting: SHB Justin Jackson
|
0-0: Called Strike 0-1: Ball 1-1: Foul Ball, location: 2F Pickoff Throw to First - Out! 1-3
|
Bottom of the 8th over - 0 runs, 0 hits, 0 errors, 0 left on base; Dunedin 10 - Modesto 3 |
TOP OF THE 9TH |
Dunedin Blue Jays batting - Pitching for Modesto Nuts : RHP Jerry Dunne
|
Batting: RHB Taylor Peavey
|
0-0: Ball 1-0: Called Strike 1-1: Fly out, F9 (Flyball, 9LS, EV 93.8 MPH)
|
Batting: RHB Bobby Lasaguna
|
0-0: Ball 1-0: Swinging Strike 1-1: Foul Ball, location: 2F 1-2: Foul Ball, location: 2F 1-2: Foul Ball, location: 2F 1-2: Ball 2-2: Ball 3-2: Foul Ball, location: 2F 3-2: Base on Balls
|
Pitching: RHP Lorenzo Pacheco
|
|
Batting: RHB Tokuji Kawabata
|
0-0: Fly out, F3 (Popup, 3, EV 71.2 MPH)
|
Batting: RHB Luis Reyes
|
0-0: Called Strike 0-1: Ball Passed Ball! Bobby Lasaguna to second 1-1: SINGLE (Groundball, 56D, EV 97.5 MPH) Bobby Lasaguna to third Runner from 3rd tries for Home, SAFE, throw by LF to home
|
Batting: SHB Dominik Hasek II
|
0-0: Ball Passed Ball! Luis Reyes to second 1-0: Ground out 6-3 (Groundball, 6, EV 85.6 MPH)
|
Top of the 9th over - 1 run, 1 hit, 0 errors, 1 left on base; Dunedin 11 - Modesto 3 |
BOTTOM OF THE 9TH |
Modesto Nuts batting - Pitching for Dunedin Blue Jays : LHP Mike Oakes
|
Batting: SHB Justin Jackson
|
0-0: Ball 1-0: SINGLE (Groundball, 56S, EV 71.9 MPH) (infield hit)
|
Batting: RHB Carlos de Jesus
|
0-0: Swinging Strike 0-1: Ball 1-1: Swinging Strike 1-2: Reached on error, E6 (Groundball, 6, EV 80.0 MPH) Justin Jackson to second
|
Batting: RHB Bob Hayes
|
0-0: Foul Ball, location: 2F 0-1: Ball 1-1: Ball 2-1: Foul Ball, location: 2F 2-2: Strikes out swinging
|
Batting: RHB Mike McElroy
|
0-0: Ball 1-0: Swinging Strike 1-1: Ball 2-1: Ball 3-1: Base on Balls Justin Jackson to third Carlos de Jesus to second
|
Pinch Hitting: RHB John Corfield
|
0-0: Foul Ball, location: 2F 0-1: Fly out, F8 (Line Drive, 8LM, EV 85.6 MPH)
|
Pinch Hitting: RHB T.J. Williams
|
0-0: Foul Ball, location: 2F 0-1: Ball 1-1: Ball 2-1: Ball 3-1: Foul Ball, location: 2F 3-2: Foul Ball, location: 2F 3-2: Base on Balls Justin Jackson scores Carlos de Jesus to third Mike McElroy to second
|
Batting: RHB Brent Montagano
|
0-0: Ball 1-0: Ground out 4-3 (Groundball, 4, EV 90.0 MPH)
|
Bottom of the 9th over - 1 run, 1 hit, 1 error, 3 left on base; Dunedin 11 - Modesto 4 |
|